 Dungeon Crawl Stone Soup version 0.31-a0-193-gdfe2569204 (webtiles) character file.

Game seed: 17907928421442918629

27 qw the Shooter (level 2, 0/16 HPs)
             Began as a Deep Elf Hunter on June 24, 2023.
             Slain by a hound (2 damage)
             ... on level 1 of the Dungeon.
             The game lasted 00:00:17 (1039 turns).

qw the Shooter (Deep Elf Hunter)                    Turns: 1039, Time: 00:00:17

Health: 0/16       AC:  5    Str:  8    XL:     2   Next: 93%
Magic:  4/4        EV: 10    Int: 13    God:
Gold:   97         SH:  0    Dex: 18    Spells: 1/1 levels left

rFire   . . .        Y - +1 shortbow
rCold   . . .        (shield currently unavailable)
rNeg    . . .        j - +0 ring mail
rPois   .            (no helmet)
rElec   .            (no cloak)
rCorr   .            (no gloves)
SInv    .            (no boots)
Will    .....        (no amulet)
Stlth   +            (no ring)
HPRegen 0.22/turn    (no ring)
MPRegen 0.09/turn

%: no passive effects
@: no status effects
A: no striking features
a: no special abilities


You were on level 1 of the Dungeon.
You visited 1 branch of the dungeon, and saw 2 of its levels.

You collected 97 gold pieces.


   Skills:
 - Level 1.5 Fighting
 + Level 6.6 Ranged Weapons
 - Level 2.4 Dodging
 - Level 1.2 Stealth


You had one spell level left.
You didn't know any spells.
Your spell library was empty.

Inventory:

Hand Weapons
 Y - a +1 shortbow (weapon)
Armour
 j - a +0 ring mail (worn)
Scrolls
 a - a scroll of identify
Potions
 e - a potion of might {unknown}
 h - a potion of attraction {unknown}

Dungeon Overview and Level Annotations

Branches:
Dungeon (2/15)

Altars:


Message History

You drop a scroll of butterflies.
Done exploring.
(D) Dungeon
Where to? (* - list waypoints, ? - help)
What level of the Dungeon? (default 1, ? - help)
There is a stone staircase leading down here.
You climb downwards.
Found a scroll labelled NUACAJ VUKIU and a scroll of identify.
There is a stone staircase leading up here.
There are monsters nearby!
Waypoint 1 assigned to D:2.
You shoot an arrow. The arrow hits the bat.
The bat is severely wounded.
The kobold shouts!
You hear a bark!
You hear a shout!
The bat barely misses you.
A hound comes into view.
A ball python comes into view.
A goblin comes into view. It is wielding a +0 dagger.
The ball python hisses angrily.
You shoot an arrow. The arrow hits the bat.
You kill the bat!
You shoot an arrow.
The arrow hits the hound but does no damage.
The hound bites you. x2
1034 ||| STAIRDANCE The hound misses you.
The hound bites you.
You climb upwards.
There is a stone staircase leading down here.
You shoot an arrow. The arrow hits the hound.
The hound is moderately wounded.
The hound bites you but does no damage. The hound bites you.
You shoot an arrow. The arrow hits the hound.
The hound is heavily wounded.
The hound barely misses you.
You shoot an arrow.
The arrow hits the hound but does no damage.
The hound is heavily wounded.
The hound bites you. The hound bites you but does no damage.
You shoot an arrow. The arrow hits the hound.
The hound is almost dead.
The hound bites you. x2
You die...

#....(...#.###.#.
#..........# #...
#.........## ##.#
#.........# #.#
#####........## ###
#...#........# #.
###...#........# ###.
#....h#........#####.#.
#.....@................
#.......##.#########.#.
#.......)#.# #....
###....#...# #..#?
#....###.##### #..#.
#######....# #.....####....
#..........# #.....).......
#..........###########.#.#.
#........................#.


You could see a hound.

Vanquished Creatures
  3 dart slugs (D:1)
  2 endoplasms (D:1)
  A hobgoblin (D:1)
  A quokka (D:1)
  A ball python (D:1)
  3 bats
  A frilled lizard (D:1)
  5 goblins (D:1)
  2 kobolds (D:1)
  2 rats (D:1)
21 creatures vanquished.

Notes
Turn   | Place    | Note
-------+----------+-------------------------------------------
     0 | D:1      | qw the Deep Elf Hunter began the quest for the Orb.
     0 | D:1      | Reached XP level 1. HP: 12/12 MP: 3/3
     0 | D:1      | 0 ||| qw: Version: 0.3-a-9-g12657ce
     0 | D:1      | 0 ||| qw: Game counter: 4701
     0 | D:1      | 0 ||| qw: Always use a shield: true
     0 | D:1      | 0 ||| qw: God list: Okawaru
     0 | D:1      | 0 ||| qw: Allow faded altars: false
     0 | D:1      | 0 ||| qw: Do Orc after D:15 true
     0 | D:1      | 0 ||| qw: Do second Lair branch before Depths: true
     0 | D:1      | 0 ||| qw: Lair rune preference: random
     0 | D:1      | 0 ||| qw: Plans: Normal
     0 | D:1      | 0 ||| PLANNING D:1-11
   225 | D:1      | HP: 3/12 [hobgoblin (4)]
   227 | D:1      | Reached skill level 6 in Ranged Weapons
   227 | D:1      | Reached XP level 2. HP: 4/16 MP: 4/4
   994 | D:1      | 994 ||| UPGRADING to +0 ring mail.
  1004 | D:1      | 1004 ||| DROPPING +0 leather armour.
  1005 | D:1      | 1005 ||| READING 2 scrolls labelled UQIP VAOCHUI.
  1006 | D:1      | 1006 ||| READING scroll labelled JONU SUIXO.
  1010 | D:1      | 1010 ||| READING scroll labelled AVIOME JOUVONA.
  1011 | D:1      | 1011 ||| READING scroll labelled BUQEBA ULILOO.
  1012 | D:1      | 1012 ||| DROPPING scroll of butterflies.
  1034 | D:2      | 1034 ||| STAIRDANCE
  1039 | D:1      | HP: 2/16 [hound (5)]
  1039 | D:1      | Slain by a hound

Levels and vault maps discovered:
D:1:      nagdon_arrival_double_spiral, layout_basic, serial_curves,
          eino_curves_01, eino_curves_04, eino_curves_03, eino_curves_02,
          minivault_26
D:2:      layout_basic, dk_noncrumbling_3, minivault_4

Skill      XL: |  1 |
---------------+----+-----
Ranged Weapons | 6 |  6.6
Fighting       | |  1.5
Dodging        | |  2.4
Stealth        | |  1.2

Action                     || total
---------------------------++-------
   Fire: Shortbow          ||    61
    Use: Scroll            ||     4
 Armour: Leather armour    ||     4
         Ring mail         ||     2
  Dodge: Dodged            ||     8

Table legend:
 A = Non-vault XP
 B = Vault XP
 C = Vault XP percentage of total XP
 D = Non-vault monster count
 E = Vault monster count
 F = Vault count percentage of total count
                 A         B        C        D         E       F
            +---------+---------+-------+---------+---------+-------
      Total |      39 |       0 |   0.0 |      21 |       0 |   0.0
            +---------+---------+-------+---------+---------+-------
        D:1 |      37 |       0 |   0.0 |      20 |       0 |   0.0
        D:2 |       2 |       0 |   0.0 |       1 |       0 |   0.0
            +---------+---------+-------+---------+---------+-------
